 Dungeon Crawl Stone Soup version 0.22-a0-782-g038298e (webtiles) character file.

98 Hebeh the Conjurer (level 4, -7/24 HPs)
             Began as a Deep Elf Conjurer on July 19, 2018.
             Mangled by an ice beast (12 damage)
             ... on level 3 of the Dungeon.
             The game lasted 00:08:56 (2542 turns).

Hebeh the Conjurer (Deep Elf Conjurer)              Turns: 2542, Time: 00:08:59

Health: -7/24      AC:  2    Str:  5    XL:     4   Next: 44%
Magic:  0/12       EV: 13    Int: 21    God:
Gold:   189        SH:  0    Dex: 20    Spells: 0/11 levels left

rFire    . . .     SeeInvis .   a - +0 short sword (holy)
rCold    . . .     Gourm    .   (no shield)
rNeg     . . .     Faith    .   i - +0 robe
rPois    .         Spirit   .   (no helmet)
rElec    .         Reflect  .   w - scarf {cloud immunity}
rCorr    .         Harm     .   (no gloves)
MR       .....                  (no boots)
Stlth    ++........             e - amulet of magic regeneration
HPRegen  0.08/turn              j - +5 ring of dexterity
MPRegen  0.38/turn              (no ring)

@: very slightly contaminated
A: no striking features
a: no special abilities


You were on level 3 of the Dungeon.
You were hungry.

You visited 1 branch of the dungeon, and saw 3 of its levels.

You collected 189 gold pieces.

Inventory:

Hand Weapons
 a - a +0 short sword of holy wrath (weapon)
 b - a +0 hunting sling
 n - a cursed -3 mace
Missiles
 h - 106 stones
 s - 4 javelins (quivered)
 u - 10 arrows
 v - 78 sling bullets
 y - 23 bolts
Armour
 i - a +0 robe (worn)
 w - a scarf of cloud immunity (worn)
Jewellery
 e - an amulet of magic regeneration (around neck)
 j - a +5 ring of dexterity (left hand)
Scrolls
 d - 4 scrolls of remove curse {unknown}
 f - 2 scrolls of fear {unknown}
 g - 3 scrolls of identify {unknown}
 l - a scroll of noise {unknown}
 m - a scroll of magic mapping {unknown}
 q - 2 scrolls of teleportation {unknown}
 t - a scroll of fog {unknown}
 x - a scroll of blinking {unknown}
Potions
 k - a potion of mutation {unknown}
 o - 5 potions of curing {unknown}
 p - a potion of lignification {unknown}
 r - a potion of ambrosia {unknown}
 A - a potion of haste {unknown}
Comestibles
 c - 6 rations
 z - 7 chunks of flesh


   Skills:
 - Level 2.4 Dodging
 - Level 2.4 Stealth
 + Level 4.3 Spellcasting
 * Level 5.8 Conjurations
 * Level 1.0 Translocations


You couldn't memorise any spells.
You knew the following spells:

 Your Spells              Type           Power        Failure   Level  Hunger
a - Magic Dart            Conj           ####         1%          1    None
b - Iskenderun's Mystic   Conj           ####....     11%         4    ####...
c - Searing Ray           Conj           ####..       1%          2    #......
d - Force Lance           Conj/Tloc      ###.....     28%         4    ####...

Your spell library contained the following spells:

 Spells                   Type           Power        Failure   Level  Hunger
 Fulminant Prism          Conj/Hex       ###.......   34%         4    ####...
 Dazzling Spray           Conj/Hex       ###...       11%         3    ##.....


Dungeon Overview and Level Annotations

Branches:
Dungeon (3/15)

Altars:
Yredelemnul


Message History

Aiming: Iskenderun's Mystic Blast (safe; 11% risk of failure)
Press: ? - help, Shift-Dir - straight line, f/p - ice beast
Aim: an ice beast (severely wounded)
The orb of energy hits the ice beast.
The ice beast is almost dead.
The orb of energy explodes!
The ice beast hits you. The ice beast freezes you!
Ouch! That really hurt!
* * * LOW HITPOINT WARNING * * *
Casting: Iskenderun's Mystic Blast (safe; 11% risk of failure)
Confirm with . or Enter, or press ? or * to list all spells.
Aiming: Magic Dart (safe; 1% risk of failure)
Press: ? - help, Shift-Dir - straight line, f/p - ice beast
Aim: an ice beast (almost dead)
The magic dart hits the ice beast.
The ice beast is almost dead.
The ice beast hits you.
* * * LOW HITPOINT WARNING * * *
The ice beast freezes you!
Ouch! That really hurt!
You die...

#.#.# #....#.#.#
..#.# #.#.###..#
....#####..## ##.#
.##.......#.###..#
..........##.#...#
###.......###...[# #
######.######..###
#........Y..#
########.@#.#
###############..#.#
..............<..#.#
#############......#
#.###..# #.# #..#
### #.###..#
..###########......#
#................#.#


You could see an ice beast.

Vanquished Creatures
  4 adders
  An ooze (D:2)
  A worm (D:2)
  2 dart slugs
  An orc (D:3)
  3 giant cockroaches
  9 goblins
  5 hobgoblins
  5 kobolds
  6 bats
  4 frilled lizards
  9 rats
  A plant (D:1)
51 creatures vanquished.

Notes
Turn   | Place    | Note
-------+----------+-------------------------------------------
     0 | D:1      | Hebeh the Deep Elf Conjurer began the quest for the Orb.
     0 | D:1      | Reached XP level 1. HP: 10/10 MP: 6/6
   271 | D:1      | Reached XP level 2. HP: 15/15 MP: 6/8
   493 | D:1      | Reached skill level 5 in Conjurations
  1047 | D:2      | Found a basalt altar of Yredelemnul.
  1080 | D:2      | Reached XP level 3. HP: 19/19 MP: 5/10
  1084 | D:2      | Learned a level 2 spell: Searing Ray
  1465 | D:2      | Reached XP level 4. HP: 21/24 MP: 8/12
  1507 | D:2      | Learned a level 4 spell: Iskenderun's Mystic Blast
  1512 | D:2      | Learned a level 4 spell: Force Lance
  2399 | D:3      | Reached skill level 1 in Translocations
  2522 | D:3      | Noticed an ice beast
  2542 | D:3      | Mangled by an ice beast

Vault maps used:
D:1:      erik_arrival_triangle_small, serial_bayou_ford_a
D:2:      kennysheep_six_static_rooms, old_standard_altar

Skill      XL: |  1  2  3  4 |
---------------+-------------+-----
Conjurations   | 5 |  5.8
Spellcasting   | 4 |  4.3
Translocations | 1 |  1.0
Dodging        | |  2.4
Stealth        | |  2.4

Action                   |  1- 3 |  4- 6 || total
-------------------------+-------+-------++-------
Melee: Short sword       |   158 |       ||   158
 Cast: Magic Dart        |    60 |    31 ||    91
       Searing Ray       |     1 |       ||     1
       Iskenderun's Myst |       |     3 ||     3
  Eat: Chunk             |     2 |     3 ||     5
Dodge: Dodged            |     1 |       ||     1

Table legend:
 A = Spawn XP
 B = Non-spawn XP
 C = Spawn XP percentage of total XP
 D = Spawn monster count
 E = Non-spawn monster count
 F = Spawn count percentage of total count
 G = Total turns spent on level
                    A         B        C        D         E        F      G
               +---------+---------+-------+---------+---------+-------+---------
         Total |       0 |     141 |   0.0 |       0 |      50 |   0.0 |  2542
               +---------+---------+-------+---------+---------+-------+---------
           D:1 |       0 |      28 |   0.0 |       0 |      17 |   0.0 |  1022
           D:2 |       0 |      80 |   0.0 |       0 |      23 |   0.0 |  1019
           D:3 |       0 |      33 |   0.0 |       0 |      10 |   0.0 |   501
               +---------+---------+-------+---------+---------+-------+---------
